Senators vs Monsters
(R1)
Created - February 9, 2023 at 21:53
Goals
|
| Senators |
3 |
1 |
2 |
6 |
| Monsters |
0 |
2 |
2 |
4 |
|
Shots
|
| Senators |
11 |
8 |
14 |
33 |
| Monsters |
15 |
8 |
15 |
38 |
|
1st period
1. Senators , Oliver Bjorkstrand 15 (Jacob De La Rose 16) at 3:04
2. Senators , Zachary Sanford 31 (Tyler Pitlick 27, Christoph Bertschy 32) at 3:14
3. Senators , Oliver Bjorkstrand 16 (Jacob De La Rose 17) at 9:02
Penalties :
Brendan Perlini (Bel) for Hooking (Minor) at 9:40, Tyler Pitlick (Bel) for Hooking (Minor) at 14:29
2nd period
4. Monsters , Austin Watson 19 (Zac Dalpe 38, Matt Grzelcyk 8) at 11:47 (PP)
5. Senators , Oliver Bjorkstrand 17 (Dmitry Sinitsyn 14, Tyler Pitlick 28) at 13:17 (PP)
6. Monsters , Zac Dalpe 24 (Kyle Connor 18, Tony DeAngelo 39) at 17:50
Penalties :
Austin Watson (Cle) for Hooking (Minor) at 0:22, Christoph Bertschy (Bel) for Slashing (Minor) at 10:03, Zac Dalpe (Cle) for Hooking (Minor) at 12:22
3rd period
7. Monsters , Austin Watson 20 (Zac Dalpe 39) at 3:29 (PP)
8. Senators , Zachary Sanford 32 (Tyler Pitlick 29, Dmitry Sinitsyn 15) at 3:39
9. Monsters , Ryan Fitzgerald 12 (Joakim Nordstrom 19, Matt Grzelcyk 9) at 7:50
10. Senators , Oliver Bjorkstrand 18 (Keegan Lowe 15) at 15:00
Penalties :
Dmitry Sinitsyn (Bel) for Boarding (Minor) at 3:28, Nathan Noel (Cle) for Holding (Minor) at 5:09, Michael McCarron (Bel) for Holding (Minor) at 16:48, Jared Knight (Cle) for Cross-checking (Minor) at 17:31
Goalie Stats
Garret Sparks (Bel), 34 saves from 38 shots - (0.895), W, 13-10-4, 60:00 minutes
Ilya Samsonov (Cle), 12 saves from 14 shots - (0.857), L, 16-10-3, 26:43 minutes
Maxime Lagace (Cle), 15 saves from 19 shots - (0.789), 33:17 minutes
Players Stats for Senators
Player Name G A P +/- PIM S H SB GA TA FO MP PP MP PK MP
------------------------------------------------------------------------------------
Brendan Perlini 0 0 0 3 2 2 3 0 3 1 0/0 16:14 2:27 1:28
C.J Suess 0 0 0 -1 0 3 1 1 0 0 0/0 12:41 0:00 0:51
Christoph Bertschy 0 1 1 1 2 0 0 1 1 0 16/39 23:12 3:09 2:58
David Kase 0 0 0 0 0 0 2 0 0 0 0/1 6:59 0:00 0:00
Dmitry Sinitsyn 0 2 2 3 2 3 2 1 0 1 0/0 28:40 2:56 4:14
Grant Besse 0 0 0 -1 0 2 1 0 0 0 0/0 11:39 0:00 0:00
Gustav Forsling 0 0 0 0 0 0 0 0 0 0 0/0 3:24 0:00 0:00
Jacob De La Rose 0 2 2 3 0 0 2 0 0 0 12/20 17:12 2:27 2:36
Johan Larsson 0 0 0 0 0 1 1 0 0 0 0/0 7:09 0:00 0:10
Jonas Siegenthaler 0 0 0 0 0 0 0 3 0 0 0/0 12:28 0:00 0:00
Jordan Schmaltz 0 0 0 3 0 2 1 5 1 2 0/0 25:46 2:56 4:15
Keegan Lowe 0 1 1 0 0 1 2 0 1 2 0/0 18:50 2:40 2:11
Kevin Rooney 0 0 0 -1 0 0 0 0 1 0 4/4 12:31 0:00 0:52
Mason Geertsen 0 0 0 0 0 0 0 0 0 0 0/0 12:01 0:00 0:01
Michael McCarron 0 0 0 0 2 2 0 0 0 0 1/1 7:00 0:02 0:00
Nikita Nesterov 0 0 0 0 0 3 0 0 0 2 0/0 18:50 2:40 2:11
Oliver Bjorkstrand 4 0 4 3 0 7 0 0 0 0 0/0 14:09 2:27 0:00
Tyler Pitlick 0 3 3 1 2 2 3 0 2 0 0/1 19:16 3:07 0:00
Vitaly Abramov 0 0 0 0 0 0 0 0 0 0 0/0 0:00 0:00 0:00
Zachary Sanford 2 0 2 1 0 5 4 0 1 1 4/6 24:12 3:09 3:57
Players Stats for Monsters
Player Name G A P +/- PIM S H SB GA TA FO MP PP MP PK MP
------------------------------------------------------------------------------------
Aaron Ness 0 0 0 -1 0 3 3 3 1 1 0/0 30:30 3:29 3:50
Alex Schoenborn 0 0 0 0 0 0 0 0 0 0 0/0 0:19 0:00 0:00
Alexandre Texier 0 0 0 0 0 0 0 0 0 0 0/0 0:37 0:00 0:00
Austin Watson 2 0 2 0 2 3 2 0 0 0 0/1 21:12 3:48 0:49
Cameron Hughes 0 0 0 0 0 0 0 0 0 0 0/0 0:42 0:00 0:42
Carl Grundstrom 0 0 0 -2 0 1 3 0 0 0 0/0 9:11 0:00 0:00
Dillon Heatherington 0 0 0 -1 0 1 0 1 1 1 0/0 19:48 2:57 1:46
Francis Perron 0 0 0 0 0 0 0 0 0 0 0/1 2:35 0:00 2:02
Gerald Mayhew 0 0 0 -2 0 5 1 0 0 0 0/0 13:00 2:38 0:00
Jared Knight 0 0 0 -2 2 1 1 0 0 0 6/17 14:33 2:37 1:03
Joakim Nordstrom 0 1 1 1 0 4 0 0 1 0 0/0 11:16 0:00 0:14
Kyle Connor 0 1 1 0 0 4 2 0 1 1 0/2 23:44 3:48 3:39
Marc Michaelis 0 0 0 -2 0 1 1 1 0 0 0/0 13:00 2:38 0:00
Matt Grzelcyk 0 2 2 -1 0 4 0 1 0 1 0/0 19:48 2:57 1:46
Maxim Mamin 0 0 0 0 0 0 0 0 0 0 0/0 0:40 0:00 0:00
Maxime Comtois 0 0 0 -2 0 1 1 0 1 0 0/1 9:11 0:00 0:00
Nathan Noel 0 0 0 -2 2 1 1 0 0 0 1/4 9:40 0:00 0:00
Richard Nejezchleb 0 0 0 1 0 1 0 0 0 0 1/1 10:34 0:00 0:00
Ryan Fitzgerald 1 0 1 1 0 4 0 0 0 0 3/4 10:34 0:00 0:00
Tarmo Reunanen 0 0 0 -1 0 1 0 0 0 1 0/0 9:29 0:00 0:00
Tony DeAngelo 0 1 1 -1 0 1 1 1 2 2 0/0 30:30 3:29 3:50
Victor Mete 0 0 0 -1 0 0 0 0 0 1 0/0 9:28 0:00 0:00
Zac Dalpe 1 2 3 0 2 2 4 2 2 2 24/41 22:43 3:48 2:43
Zachary Senyshyn 0 0 0 0 0 0 0 0 0 0 0/0 0:00 0:00 0:00
3 Stars
1 - Oliver Bjorkstrand (Bel)
2 - Zachary Sanford (Bel)
3 - Jacob De La Rose (Bel)
Power Play
Senators - 1 on 4 Attempt(s) - 25.00%
Monsters - 2 on 5 Attempt(s) - 40.00%
Penalty Kill
Senators - 3 on 5 Attempt(s) - 60.00%
- Score 0 goal in Penalty Kill
Monsters - 3 on 4 Attempt(s) - 75.00%
- Score 0 goal in Penalty Kill
Team Stat
Senators - Hits : 22 - Faceoff Wins : 37 - Blocked Shots : 11 - Penalty Minutes : 10
Monsters - Hits : 20 - Faceoff Wins : 35 - Blocked Shots : 9 - Penalty Minutes : 8
Official
Referees : Furman South and Michael Markovic
Linesman : Brad Kovachik and Derek Amell
Game Notes
Oliver Bjorkstrand has scored a Hat Trick!
Ilya Samsonov enters game at 13:17 of 2nd period
Finance
Level 1 -- Attendance: 1670 (83.50%) -- Ticket Income $58,450
Level 2 -- Attendance: 854 (85.40%) -- Ticket Income $12,810
Total Attendance: 2524 (84.13%)
Total Ticket Income: $71,260
Other Income: $3,563
Total Income: $74,823
Senators
5 vs 5 Forward
Center Left Wing Right Wing Time % Phy DF OF
1 Christoph Bertschy Zachary Sanford Tyler Pitlick 40 1 2 2
2 Jacob De La Rose Brendan Perlini Oliver Bjorkstrand 30 1 2 2
3 Kevin Rooney C.J Suess Grant Besse 20 1 2 2
4 Michael McCarron Johan Larsson David Kase 10 1 2 2
5 vs 5 Defense
Defense Defense Time % Phy DF OF
1 Dmitry Sinitsyn Jordan Schmaltz 40 1 2 2
2 Keegan Lowe Nikita Nesterov 30 1 2 2
3 Mason Geertsen Jonas Siegenthaler 20 1 2 2
4 Gustav Forsling Dmitry Sinitsyn 10 1 2 2
PowerPlay Forward
Center Left Wing Right Wing Time % Phy DF OF
1 Christoph Bertschy Zachary Sanford Tyler Pitlick 60 1 1 3
2 Jacob De La Rose Brendan Perlini Oliver Bjorkstrand 40 1 1 3
PowerPlay Defense
Defense Defense Time % Phy DF OF
1 Dmitry Sinitsyn Jordan Schmaltz 60 1 1 3
2 Keegan Lowe Nikita Nesterov 40 1 1 3
Penalty Kill 4 Players Forward
Center Wing Time % Phy DF OF
1 Christoph Bertschy Zachary Sanford 60 1 2 2
2 Jacob De La Rose Brendan Perlini 40 1 2 2
Penalty Kill 4 Players Defense
Defense Defense Time % Phy DF OF
1 Dmitry Sinitsyn Jordan Schmaltz 60 1 2 2
2 Keegan Lowe Nikita Nesterov 40 1 2 2
Penalty Kill - 3 Players Forward
Forward Time % Phy DF OF
1 Christoph Bertschy 60 1 2 2
2 Jacob De La Rose 40 1 2 2
Penalty Kill - 3 Players Defense
Defense Defense Time % Phy DF OF
1 Dmitry Sinitsyn Jordan Schmaltz 60 1 2 2
2 Keegan Lowe Nikita Nesterov 40 1 2 2
4 vs 4 Forward
Center Wing Time % Phy DF OF
1 Christoph Bertschy Zachary Sanford 60 1 2 2
2 Jacob De La Rose Brendan Perlini 40 1 2 2
4 vs 4 Defense
Defense Defense Time % Phy DF OF
1 Dmitry Sinitsyn Jordan Schmaltz 60 1 2 2
2 Keegan Lowe Nikita Nesterov 40 1 2 2
Last Minutes Offensive
Center Left Wing Right Wing Defense Defense
Christoph Bertschy Zachary Sanford Tyler Pitlick Dmitry Sinitsyn Jordan Schmaltz
Last Minutes Defensive
Center Left Wing Right Wing Defense Defense
Christoph Bertschy Zachary Sanford Tyler Pitlick Dmitry Sinitsyn Jordan Schmaltz
Goaltenders
Starting : Garret Sparks
Backup : David Rittich
Extra Forwards
Normal : Jacob De La Rose, Brendan Perlini, C.J Suess - PP : Jacob De La Rose, Brendan Perlini - PK : Jacob De La Rose
Extra Defensemen
Normal : Mason Geertsen, Jonas Siegenthaler, Gustav Forsling - PP : Mason Geertsen - PK : Mason Geertsen, Jonas Siegenthaler
Penalty Shots
Tyler Pitlick, Zachary Sanford, Oliver Bjorkstrand, Christoph Bertschy, Jacob De La Rose
Scratches
Joonas Lyytinen (Left Knee Injury), Zemgus Girgensons (Bruised Left Foot Injury), Arttu Ruotsalainen (Healthy), Cliff Pu (Healthy), Michael Pezzetta (Healthy)
Bryce Kindopp (Healthy), Olle Eriksson Ek (Healthy), Scott Wedgewood (Healthy)
Monsters
5 vs 5 Forward
Center Left Wing Right Wing Time % Phy DF OF
1 Zac Dalpe Kyle Connor Austin Watson 40 1 2 2
2 Jared Knight Marc Michaelis Gerald Mayhew 30 1 2 2
3 Ryan Fitzgerald Joakim Nordstrom Richard Nejezchleb 20 1 2 2
4 Nathan Noel Maxime Comtois Carl Grundstrom 10 1 2 2
5 vs 5 Defense
Defense Defense Time % Phy DF OF
1 Tony DeAngelo Aaron Ness 40 1 2 2
2 Dillon Heatherington Matt Grzelcyk 30 1 2 2
3 Victor Mete Tarmo Reunanen 20 1 2 2
4 Tony DeAngelo Aaron Ness 10 1 2 2
PowerPlay Forward
Center Left Wing Right Wing Time % Phy DF OF
1 Zac Dalpe Kyle Connor Austin Watson 60 1 2 2
2 Jared Knight Marc Michaelis Gerald Mayhew 40 1 2 2
PowerPlay Defense
Defense Defense Time % Phy DF OF
1 Tony DeAngelo Aaron Ness 60 1 2 2
2 Dillon Heatherington Matt Grzelcyk 40 1 2 2
Penalty Kill 4 Players Forward
Center Wing Time % Phy DF OF
1 Zac Dalpe Kyle Connor 60 1 2 2
2 Austin Watson Jared Knight 40 1 2 2
Penalty Kill 4 Players Defense
Defense Defense Time % Phy DF OF
1 Tony DeAngelo Aaron Ness 60 1 2 2
2 Dillon Heatherington Matt Grzelcyk 40 1 2 2
Penalty Kill - 3 Players Forward
Forward Time % Phy DF OF
1 Zac Dalpe 60 1 2 2
2 Kyle Connor 40 1 2 2
Penalty Kill - 3 Players Defense
Defense Defense Time % Phy DF OF
1 Tony DeAngelo Aaron Ness 60 1 2 2
2 Dillon Heatherington Matt Grzelcyk 40 1 2 2
4 vs 4 Forward
Center Wing Time % Phy DF OF
1 Zac Dalpe Kyle Connor 60 1 2 2
2 Austin Watson Jared Knight 40 1 2 2
4 vs 4 Defense
Defense Defense Time % Phy DF OF
1 Tony DeAngelo Aaron Ness 60 1 2 2
2 Dillon Heatherington Matt Grzelcyk 40 1 2 2
Last Minutes Offensive
Center Left Wing Right Wing Defense Defense
Zac Dalpe Kyle Connor Austin Watson Tony DeAngelo Aaron Ness
Last Minutes Defensive
Center Left Wing Right Wing Defense Defense
Zac Dalpe Kyle Connor Austin Watson Tony DeAngelo Aaron Ness
Goaltenders
Starting : Maxime Lagace
Backup : Ilya Samsonov
Extra Forwards
Normal : Maxim Mamin, Alexandre Texier, Francis Perron - PP : Maxim Mamin, Alexandre Texier - PK : Francis Perron
Extra Defensemen
Normal : Victor Mete, Tarmo Reunanen, Dillon Heatherington - PP : Victor Mete - PK : Tarmo Reunanen, Dillon Heatherington
Penalty Shots
Zac Dalpe, Kyle Connor, Austin Watson, Jared Knight, Marc Michaelis
Scratches
Jesse Graham (Left Foot Injury), Luca Sbisa (Healthy), Peyton Jones (Healthy)
% Time on Ice - Senators
Lines # - Real PCT - Wanted PCT - Time Play
Normal Forward
1 - 35% - 40% - 16:22
2 - 25% - 30% - 11:42
3 - 25% - 20% - 11:39
4 - 15% - 10% - 6:59
Normal Defense
1 - 37% - 40% - 17:23
2 - 30% - 30% - 13:55
3 - 26% - 20% - 12:00
4 - 7% - 10% - 3:24
PP Forward
1 - 56% - 60% - 3:09
2 - 44% - 40% - 2:27
PP Defense
1 - 52% - 60% - 2:56
2 - 48% - 40% - 2:40
PK Forward
1 - 80% - 60% - 5:09
2 - 20% - 40% - 1:17
PK Defense
1 - 66% - 60% - 4:15
2 - 34% - 40% - 2:11
PK3 Forward
1 - 0% - 60%
2 - 0% - 40%
PK3 Defense
1 - 0% - 60%
2 - 0% - 40%
44 Forward
1 - 79% - 60% - 1:00
2 - 21% - 40% - 0:16
44 Defense
1 - 95% - 60% - 1:12
2 - 5% - 40% - 0:04
Last Minute Offensive - 0:00
Last Minute Defensive - 0:00
Total
Forward - 60:00
Defense - 60:00
|
% Time on Ice - Monsters
Lines # - Real PCT - Wanted PCT - Time Play
Normal Forward
1 - 34% - 40% - 16:05
2 - 23% - 30% - 10:52
3 - 23% - 20% - 10:34
4 - 20% - 10% - 9:11
Normal Defense
1 - 42% - 40% - 19:39
2 - 32% - 30% - 14:52
3 - 20% - 20% - 9:34
4 - 6% - 10% - 2:37
PP Forward
1 - 59% - 60% - 3:48
2 - 41% - 40% - 2:38
PP Defense
1 - 54% - 60% - 3:29
2 - 46% - 40% - 2:57
PK Forward
1 - 76% - 60% - 4:16
2 - 24% - 40% - 1:20
PK Defense
1 - 68% - 60% - 3:50
2 - 32% - 40% - 1:46
PK3 Forward
1 - 0% - 60%
2 - 0% - 40%
PK3 Defense
1 - 0% - 60%
2 - 0% - 40%
44 Forward
1 - 100% - 60% - 1:16
2 - 0% - 40% - 0:00
44 Defense
1 - 72% - 60% - 0:55
2 - 28% - 40% - 0:21
Last Minute Offensive - 0:00
Last Minute Defensive - 0:00
Total
Forward - 60:00
Defense - 60:00
|
Play-by-Play
1st period
0:01 of 1st period - Zac Dalpe wins face-off versus Christoph Bertschy in neutral zone.
0:23 of 1st period - Icing by Aaron Ness.
0:24 of 1st period - Jacob De La Rose wins face-off versus Zac Dalpe in Monsters zone.
0:43 of 1st period - Aaron Ness is hit by Grant Besse and loses puck.
1:00 of 1st period - Snap shot by Marc Michaelis.
1:00 of 1st period - Stopped by Garret Sparks with a rebound.
1:20 of 1st period - Wrist shot by Richard Nejezchleb.
1:20 of 1st period - Deflect By Joakim Nordstrom.
1:20 of 1st period - Stopped by Garret Sparks with a rebound.
1:22 of 1st period - Slapshot by Aaron Ness.
1:22 of 1st period - Shot Blocked by Jonas Siegenthaler.
1:57 of 1st period - Slapshot by Oliver Bjorkstrand.
1:57 of 1st period - Shot Misses the Net.
2:15 of 1st period - Joakim Nordstrom is hit by C.J Suess and loses puck.
2:32 of 1st period - Zac Dalpe is hit by Zachary Sanford and loses puck.
2:56 of 1st period - Slapshot by Oliver Bjorkstrand.
2:56 of 1st period - Shot Misses the Net.
2:58 of 1st period - Slapshot by Keegan Lowe.
2:58 of 1st period - Stopped by Maxime Lagace without a rebound.
2:59 of 1st period - Jacob De La Rose wins face-off versus Nathan Noel in Monsters zone.
3:04 of 1st period - Slapshot by Oliver Bjorkstrand.
3:04 of 1st period - Goal by Oliver Bjorkstrand - Senators : 1 - Monsters : 0.
3:05 of 1st period - Christoph Bertschy wins face-off versus Jared Knight in neutral zone.
3:12 of 1st period - Slapshot by Zachary Sanford.
3:12 of 1st period - Stopped by Maxime Lagace with a rebound.
3:14 of 1st period - Slapshot by Tyler Pitlick.
3:14 of 1st period - Deflect By Zachary Sanford.
3:14 of 1st period - Goal by Zachary Sanford - Senators : 2 - Monsters : 0.
3:15 of 1st period - Jared Knight wins face-off versus Christoph Bertschy in neutral zone.
3:40 of 1st period - Matt Grzelcyk is hit by Brendan Perlini and loses puck.
4:01 of 1st period - Snap shot by Kyle Connor.
4:01 of 1st period - Shot Misses the Net.
4:32 of 1st period - Snap shot by Zachary Sanford.
4:32 of 1st period - Stopped by Maxime Lagace without a rebound.
4:33 of 1st period - Jared Knight wins face-off versus Jacob De La Rose in Monsters zone.
5:00 of 1st period - Victor Mete is hit by Tyler Pitlick and loses puck.
5:40 of 1st period - Aaron Ness is hit by David Kase and loses puck.
5:45 of 1st period - Snap shot by Johan Larsson.
5:45 of 1st period - Stopped by Maxime Lagace without a rebound.
5:46 of 1st period - Michael McCarron wins face-off versus Zac Dalpe in Monsters zone.
6:20 of 1st period - Marc Michaelis is hit by Zachary Sanford.
6:50 of 1st period - Wrist shot by Carl Grundstrom.
6:50 of 1st period - Shot Misses the Net.
7:05 of 1st period - Wrist shot by Joakim Nordstrom.
7:05 of 1st period - Stopped by Garret Sparks with a rebound.
7:07 of 1st period - Slapshot by Ryan Fitzgerald.
7:07 of 1st period - Shot Misses the Net.
7:19 of 1st period - Wrist shot by Oliver Bjorkstrand.
7:19 of 1st period - Shot Misses the Net.
7:21 of 1st period - Snap shot by C.J Suess.
7:21 of 1st period - Stopped by Maxime Lagace with a rebound.
7:23 of 1st period - Wrist shot by C.J Suess.
7:23 of 1st period - Stopped by Maxime Lagace with a rebound.
7:29 of 1st period - Wrist shot by C.J Suess.
7:29 of 1st period - Shot Misses the Net.
7:31 of 1st period - Snap shot by Grant Besse.
7:31 of 1st period - Stopped by Maxime Lagace without a rebound.
7:32 of 1st period - Jacob De La Rose wins face-off versus Jared Knight in Monsters zone.
7:48 of 1st period - Aaron Ness is hit by Jacob De La Rose.
8:08 of 1st period - Snap shot by Tony DeAngelo.
8:08 of 1st period - Shot Misses the Net.
8:28 of 1st period - Snap shot by Carl Grundstrom.
8:28 of 1st period - Shot Blocked by Jordan Schmaltz.
8:30 of 1st period - Snap shot by Carl Grundstrom.
8:30 of 1st period - Shot Blocked by Jordan Schmaltz.
8:42 of 1st period - Matt Grzelcyk is hit by David Kase and loses puck.
8:58 of 1st period - Off-side.
8:59 of 1st period - Jacob De La Rose wins face-off versus Jared Knight in neutral zone.
9:02 of 1st period - Snap shot by Oliver Bjorkstrand.
9:02 of 1st period - Goal by Oliver Bjorkstrand - Senators : 3 - Monsters : 0.
9:03 of 1st period - Zac Dalpe wins face-off versus Christoph Bertschy in neutral zone.
9:16 of 1st period - Snap shot by Kyle Connor.
9:16 of 1st period - Shot Misses the Net.
9:18 of 1st period - Wrist shot by Zac Dalpe.
9:18 of 1st period - Shot Misses the Net.
9:28 of 1st period - Snap shot by Gerald Mayhew.
9:28 of 1st period - Stopped by Garret Sparks with a rebound.
9:34 of 1st period - Slapshot by Gerald Mayhew.
9:34 of 1st period - Stopped by Garret Sparks with a rebound.
9:36 of 1st period - Slapshot by Gerald Mayhew.
9:36 of 1st period - Stopped by Garret Sparks without a rebound.
9:37 of 1st period - Jacob De La Rose wins face-off versus Zac Dalpe in Senators zone.
9:37 of 1st period - Jacob De La Rose is hit by Austin Watson.
9:40 of 1st period - Minor Penalty to Brendan Perlini for Hooking.
9:41 of 1st period - Zac Dalpe wins face-off versus Christoph Bertschy in Senators zone.
9:43 of 1st period - Slapshot by Tony DeAngelo.
9:43 of 1st period - Shot Misses the Net.
10:40 of 1st period - Snap shot by C.J Suess.
10:40 of 1st period - Shot Misses the Net.
11:40 of 1st period - Penalty to Brendan Perlini is over, Brendan Perlini is back on ice.
12:17 of 1st period - Snap shot by Carl Grundstrom.
12:17 of 1st period - Stopped by Garret Sparks with a rebound.
12:19 of 1st period - Slapshot by Tarmo Reunanen.
12:19 of 1st period - Stopped by Garret Sparks without a rebound.
12:20 of 1st period - Kevin Rooney wins face-off versus Nathan Noel in Senators zone.
12:20 of 1st period - Kevin Rooney is hit by Carl Grundstrom.
12:34 of 1st period - Snap shot by Nathan Noel.
12:34 of 1st period - Stopped by Garret Sparks without a rebound.
12:35 of 1st period - Christoph Bertschy wins face-off versus Jared Knight in Senators zone.
12:44 of 1st period - Backhand shot by Zachary Sanford.
12:44 of 1st period - Shot Blocked by Marc Michaelis.
13:00 of 1st period - Wrist shot by Richard Nejezchleb.
13:00 of 1st period - Stopped by Garret Sparks without a rebound.
13:01 of 1st period - Ryan Fitzgerald wins face-off versus Jacob De La Rose in Senators zone.
13:11 of 1st period - Icing by Matt Grzelcyk.
13:12 of 1st period - Richard Nejezchleb wins face-off versus Christoph Bertschy in Monsters zone.
13:50 of 1st period - Backhand shot by Joakim Nordstrom.
13:50 of 1st period - Shot Misses the Net.
13:52 of 1st period - Snap shot by Dillon Heatherington.
13:52 of 1st period - Stopped by Garret Sparks without a rebound.
13:53 of 1st period - Zac Dalpe wins face-off versus Christoph Bertschy in Senators zone.
14:04 of 1st period - Wrist shot by Kyle Connor.
14:04 of 1st period - Shot Misses the Net.
14:06 of 1st period - Wrist shot by Austin Watson.
14:06 of 1st period - Stopped by Garret Sparks without a rebound.
14:07 of 1st period - Zac Dalpe wins face-off versus Christoph Bertschy in Senators zone.
14:07 of 1st period - Tony DeAngelo is hit by Zachary Sanford.
14:19 of 1st period - Snap shot by Zac Dalpe.
14:19 of 1st period - Shot Misses the Net.
14:21 of 1st period - Backhand shot by Austin Watson.
14:21 of 1st period - Shot Misses the Net.
14:29 of 1st period - Minor Penalty to Tyler Pitlick for Hooking.
14:30 of 1st period - Zac Dalpe wins face-off versus Christoph Bertschy in Senators zone.
14:38 of 1st period - Icing by Austin Watson.
14:39 of 1st period - Christoph Bertschy wins face-off versus Zac Dalpe in Monsters zone.
14:58 of 1st period - Snap shot by Austin Watson.
14:58 of 1st period - Shot Blocked by Jordan Schmaltz.
15:00 of 1st period - Slapshot by Aaron Ness.
15:00 of 1st period - Shot Blocked by Dmitry Sinitsyn.
15:02 of 1st period - Slapshot by Aaron Ness.
15:02 of 1st period - Stopped by Garret Sparks without a rebound.
15:03 of 1st period - Christoph Bertschy wins face-off versus Jared Knight in Senators zone.
15:11 of 1st period - Off-side.
15:12 of 1st period - Jared Knight wins face-off versus Christoph Bertschy in neutral zone.
15:17 of 1st period - Snap shot by Gerald Mayhew.
15:17 of 1st period - Stopped by Garret Sparks with a rebound.
15:27 of 1st period - Slapshot by Gerald Mayhew.
15:27 of 1st period - Stopped by Garret Sparks without a rebound.
15:28 of 1st period - Zac Dalpe wins face-off versus Jacob De La Rose in Senators zone.
15:53 of 1st period - Aaron Ness is hit by Dmitry Sinitsyn and loses puck.
16:29 of 1st period - Penalty to Tyler Pitlick is over, Tyler Pitlick is back on ice.
16:57 of 1st period - Off-side.
16:58 of 1st period - Kevin Rooney wins face-off versus Nathan Noel in neutral zone.
17:15 of 1st period - Mason Geertsen is hit by Carl Grundstrom and loses puck.
17:48 of 1st period - Slapshot by Aaron Ness.
17:48 of 1st period - Shot Misses the Net.
17:50 of 1st period - Wrist shot by Carl Grundstrom.
17:50 of 1st period - Shot Blocked by Jonas Siegenthaler.
17:52 of 1st period - Slapshot by Aaron Ness.
17:52 of 1st period - Shot Blocked by Jonas Siegenthaler.
17:54 of 1st period - Slapshot by Carl Grundstrom.
17:54 of 1st period - Shot Misses the Net.
18:08 of 1st period - Wrist shot by Kevin Rooney.
18:08 of 1st period - Shot Blocked by Aaron Ness.
18:56 of 1st period - C.J Suess is hit by Carl Grundstrom and loses puck.
19:48 of 1st period - Wrist shot by C.J Suess.
19:48 of 1st period - Shot Blocked by Aaron Ness.
19:58 of 1st period - Snap shot by C.J Suess.
19:58 of 1st period - Stopped by Maxime Lagace without a rebound.
19:59 of 1st period - Zac Dalpe wins face-off versus Christoph Bertschy in Monsters zone.
Goals for this period are 3 for Senators vs 0 for Monsters.
Shots for this period are 11 for Senators vs 15 for Monsters.
2nd period
0:01 of 2nd period - Christoph Bertschy wins face-off versus Zac Dalpe in neutral zone.
0:22 of 2nd period - Minor Penalty to Austin Watson for Hooking.
0:23 of 2nd period - Christoph Bertschy wins face-off versus Zac Dalpe in Monsters zone.
0:26 of 2nd period - Snap shot by Zachary Sanford.
0:26 of 2nd period - Deflect By Zac Dalpe.
0:26 of 2nd period - Shot Misses the Net.
0:26 of 2nd period - Puck is out of play.
0:27 of 2nd period - Christoph Bertschy wins face-off versus Zac Dalpe in Monsters zone.
0:30 of 2nd period - Snap shot by Tyler Pitlick.
0:30 of 2nd period - Stopped by Maxime Lagace with a rebound.
1:03 of 2nd period - Off-side.
1:04 of 2nd period - Zachary Sanford wins face-off versus Francis Perron in neutral zone.
1:09 of 2nd period - Slapshot by Keegan Lowe.
1:09 of 2nd period - Shot Blocked by Matt Grzelcyk.
1:18 of 2nd period - Off-side.
1:19 of 2nd period - Christoph Bertschy wins face-off versus Zac Dalpe in neutral zone.
2:02 of 2nd period - Matt Grzelcyk is hit by Jacob De La Rose and loses puck.
2:22 of 2nd period - Penalty to Austin Watson is over, Austin Watson is back on ice.
2:49 of 2nd period - Snap shot by Oliver Bjorkstrand.
2:49 of 2nd period - Deflect By Matt Grzelcyk.
2:49 of 2nd period - Shot Misses the Net.
2:49 of 2nd period - Puck is out of play.
2:50 of 2nd period - Zachary Sanford wins face-off versus Jared Knight in Monsters zone.
3:05 of 2nd period - Christoph Bertschy is hit by Marc Michaelis and loses puck.
3:16 of 2nd period - Victor Mete is hit by Jordan Schmaltz and loses puck.
3:45 of 2nd period - Slapshot by Kevin Rooney.
3:45 of 2nd period - Deflect By Austin Watson.
3:45 of 2nd period - Shot Misses the Net.
3:45 of 2nd period - Puck is out of play.
3:46 of 2nd period - Kevin Rooney wins face-off versus Jared Knight in Monsters zone.
4:27 of 2nd period - Wrist shot by Dmitry Sinitsyn.
4:27 of 2nd period - Stopped by Maxime Lagace with a rebound.
4:29 of 2nd period - Wrist shot by Dmitry Sinitsyn.
4:29 of 2nd period - Stopped by Maxime Lagace with a rebound.
4:31 of 2nd period - Wrist shot by Grant Besse.
4:31 of 2nd period - Shot Misses the Net.
4:33 of 2nd period - Wrist shot by Grant Besse.
4:33 of 2nd period - Stopped by Maxime Lagace with a rebound.
4:35 of 2nd period - Snap shot by Dmitry Sinitsyn.
4:35 of 2nd period - Deflect By C.J Suess.
4:35 of 2nd period - Shot Misses the Net.
4:35 of 2nd period - Puck is out of play.
4:36 of 2nd period - Zachary Sanford wins face-off versus Zac Dalpe in Monsters zone.
5:03 of 2nd period - Brendan Perlini is hit by Aaron Ness and loses puck.
6:10 of 2nd period - Wrist shot by Maxime Comtois.
6:10 of 2nd period - Deflect By Nathan Noel.
6:10 of 2nd period - Shot Misses the Net.
6:10 of 2nd period - Puck is out of play.
6:11 of 2nd period - Kevin Rooney wins face-off versus Zac Dalpe in Senators zone.
6:11 of 2nd period - Kevin Rooney is hit by Kyle Connor.
6:37 of 2nd period - Marc Michaelis is hit by Zachary Sanford and loses puck.
6:48 of 2nd period - Slapshot by Jared Knight.
6:48 of 2nd period - Stopped by Garret Sparks with a rebound.
7:04 of 2nd period - Jacob De La Rose is hit by Aaron Ness and loses puck.
7:25 of 2nd period - Mason Geertsen is hit by Maxime Comtois and loses puck.
7:38 of 2nd period - Snap shot by Austin Watson.
7:38 of 2nd period - Shot Blocked by C.J Suess.
7:40 of 2nd period - Backhand shot by Kyle Connor.
7:40 of 2nd period - Stopped by Garret Sparks with a rebound.
7:42 of 2nd period - Snap shot by Kyle Connor.
7:42 of 2nd period - Stopped by Garret Sparks without a rebound.
7:43 of 2nd period - Zac Dalpe wins face-off versus Christoph Bertschy in Senators zone.
8:56 of 2nd period - Joakim Nordstrom is hit by Johan Larsson and loses puck.
9:32 of 2nd period - Snap shot by Johan Larsson.
9:32 of 2nd period - Deflect By Michael McCarron.
9:32 of 2nd period - Stopped by Maxime Lagace without a rebound.
9:33 of 2nd period - Christoph Bertschy wins face-off versus Zac Dalpe in Monsters zone.
9:42 of 2nd period - Slapshot by Aaron Ness.
9:42 of 2nd period - Stopped by Garret Sparks without a rebound.
9:43 of 2nd period - Zac Dalpe wins face-off versus Christoph Bertschy in Senators zone.
10:03 of 2nd period - Minor Penalty to Christoph Bertschy for Slashing.
10:04 of 2nd period - Jacob De La Rose wins face-off versus Zac Dalpe in Senators zone.
10:14 of 2nd period - Jordan Schmaltz is hit by Tony DeAngelo.
10:32 of 2nd period - Dmitry Sinitsyn is hit by Jared Knight and loses puck.
11:26 of 2nd period - Austin Watson is hit by Keegan Lowe and loses puck.
11:47 of 2nd period - Snap shot by Zac Dalpe.
11:47 of 2nd period - Deflect By Austin Watson.
11:47 of 2nd period - Goal by Austin Watson - Senators : 3 - Monsters : 1.
11:48 of 2nd period - Jared Knight wins face-off versus Christoph Bertschy in neutral zone.
11:57 of 2nd period - Snap shot by Nikita Nesterov.
11:57 of 2nd period - Deflect By Jared Knight.
11:57 of 2nd period - Stopped by Maxime Lagace without a rebound.
11:58 of 2nd period - Jared Knight wins face-off versus Tyler Pitlick in Monsters zone.
12:19 of 2nd period - Backhand shot by Tyler Pitlick.
12:19 of 2nd period - Stopped by Maxime Lagace without a rebound.
12:20 of 2nd period - Zac Dalpe wins face-off versus Jacob De La Rose in Monsters zone.
12:22 of 2nd period - Minor Penalty to Zac Dalpe for Hooking.
12:23 of 2nd period - Christoph Bertschy wins face-off versus Kyle Connor in Monsters zone.
12:27 of 2nd period - Slapshot by Zachary Sanford.
12:27 of 2nd period - Shot Misses the Net.
13:17 of 2nd period - Wrist shot by Oliver Bjorkstrand.
13:17 of 2nd period - Goal by Oliver Bjorkstrand - Senators : 4 - Monsters : 1.
13:17 of 2nd period - Ilya Samsonov enters game.
13:18 of 2nd period - Jacob De La Rose wins face-off versus Jared Knight in neutral zone.
13:44 of 2nd period - Kevin Rooney is hit by Kyle Connor and loses puck.
13:51 of 2nd period - Backhand shot by Tony DeAngelo.
13:51 of 2nd period - Shot Misses the Net.
13:53 of 2nd period - Slapshot by Tony DeAngelo.
13:53 of 2nd period - Deflect By Kevin Rooney.
13:53 of 2nd period - Stopped by Garret Sparks with a rebound.
14:07 of 2nd period - Wrist shot by Tyler Pitlick.
14:07 of 2nd period - Shot Blocked by Tony DeAngelo.
15:34 of 2nd period - Slapshot by Aaron Ness.
15:34 of 2nd period - Deflect By Zachary Sanford.
15:34 of 2nd period - Stopped by Garret Sparks without a rebound.
15:35 of 2nd period - Zac Dalpe wins face-off versus Jacob De La Rose in Senators zone.
16:00 of 2nd period - Jared Knight is hit by Tyler Pitlick and loses puck.
17:28 of 2nd period - Off-side.
17:29 of 2nd period - Christoph Bertschy wins face-off versus Ryan Fitzgerald in neutral zone.
17:36 of 2nd period - Wrist shot by Zachary Sanford.
17:36 of 2nd period - Deflect By Matt Grzelcyk.
17:36 of 2nd period - Shot Blocked by Dillon Heatherington.
17:36 of 2nd period - Puck is out of play.
17:37 of 2nd period - Zac Dalpe wins face-off versus Christoph Bertschy in Monsters zone.
17:50 of 2nd period - Wrist shot by Zac Dalpe.
17:50 of 2nd period - Goal by Zac Dalpe - Senators : 4 - Monsters : 2.
17:51 of 2nd period - Christoph Bertschy wins face-off versus Zac Dalpe in neutral zone.
18:29 of 2nd period - Tony DeAngelo is hit by Brendan Perlini and loses puck.
Goals for this period are 1 for Senators vs 2 for Monsters.
Shots for this period are 8 for Senators vs 8 for Monsters.
3rd period
0:01 of 3rd period - Zachary Sanford wins face-off versus Zac Dalpe in neutral zone.
0:46 of 3rd period - Snap shot by Kyle Connor.
0:46 of 3rd period - Stopped by Garret Sparks without a rebound.
0:47 of 3rd period - Jacob De La Rose wins face-off versus Jared Knight in Senators zone.
1:01 of 3rd period - Tony DeAngelo is hit by Brendan Perlini.
1:20 of 3rd period - Snap shot by Joakim Nordstrom.
1:20 of 3rd period - Deflect By Ryan Fitzgerald.
1:20 of 3rd period - Stopped by Garret Sparks with a rebound.
1:26 of 3rd period - Keegan Lowe is hit by Aaron Ness and loses puck.
1:46 of 3rd period - Snap shot by Maxime Comtois.
1:46 of 3rd period - Stopped by Garret Sparks without a rebound.
1:47 of 3rd period - Jacob De La Rose wins face-off versus Zac Dalpe in Senators zone.
2:12 of 3rd period - Snap shot by Joakim Nordstrom.
2:12 of 3rd period - Stopped by Garret Sparks without a rebound.
2:13 of 3rd period - Ryan Fitzgerald wins face-off versus Christoph Bertschy in Senators zone.
2:22 of 3rd period - Slapshot by Joakim Nordstrom.
2:22 of 3rd period - Stopped by Garret Sparks without a rebound.
2:23 of 3rd period - Christoph Bertschy wins face-off versus Kyle Connor in Senators zone.
2:38 of 3rd period - Snap shot by Kyle Connor.
2:38 of 3rd period - Stopped by Garret Sparks without a rebound.
2:39 of 3rd period - Jacob De La Rose wins face-off versus Jared Knight in Senators zone.
2:44 of 3rd period - Slapshot by Dmitry Sinitsyn.
2:44 of 3rd period - Stopped by Ilya Samsonov with a rebound.
2:46 of 3rd period - Snap shot by Brendan Perlini.
2:46 of 3rd period - Stopped by Ilya Samsonov with a rebound.
2:48 of 3rd period - Wrist shot by Jordan Schmaltz.
2:48 of 3rd period - Stopped by Ilya Samsonov without a rebound.
2:49 of 3rd period - Jacob De La Rose wins face-off versus Jared Knight in Monsters zone.
3:04 of 3rd period - Wrist shot by Brendan Perlini.
3:04 of 3rd period - Stopped by Ilya Samsonov without a rebound.
3:05 of 3rd period - Zac Dalpe wins face-off versus Christoph Bertschy in Monsters zone.
3:05 of 3rd period - Zac Dalpe is hit by Dmitry Sinitsyn.
3:22 of 3rd period - Tony DeAngelo is hit by Tyler Pitlick and loses puck.
3:28 of 3rd period - Minor Penalty to Dmitry Sinitsyn for Boarding.
3:29 of 3rd period - Zac Dalpe wins face-off versus Zachary Sanford in Senators zone.
3:29 of 3rd period - Snap shot by Austin Watson.
3:29 of 3rd period - Goal by Austin Watson - Senators : 4 - Monsters : 3.
3:30 of 3rd period - Christoph Bertschy wins face-off versus Austin Watson in neutral zone.
3:39 of 3rd period - Snap shot by Zachary Sanford.
3:39 of 3rd period - Goal by Zachary Sanford - Senators : 5 - Monsters : 3.
3:40 of 3rd period - Christoph Bertschy wins face-off versus Zac Dalpe in neutral zone.
3:43 of 3rd period - Snap shot by Dmitry Sinitsyn.
3:43 of 3rd period - Shot Blocked by Aaron Ness.
3:45 of 3rd period - Snap shot by Dmitry Sinitsyn.
3:45 of 3rd period - Shot Blocked by Zac Dalpe.
3:56 of 3rd period - Icing by Tony DeAngelo.
3:57 of 3rd period - Zac Dalpe wins face-off versus Jacob De La Rose in Monsters zone.
4:10 of 3rd period - Brendan Perlini is hit by Zac Dalpe and loses puck.
5:05 of 3rd period - Snap shot by Michael McCarron.
5:05 of 3rd period - Stopped by Ilya Samsonov without a rebound.
5:06 of 3rd period - Nathan Noel wins face-off versus David Kase in Monsters zone.
5:06 of 3rd period - Nathan Noel is hit by Keegan Lowe.
5:09 of 3rd period - Minor Penalty to Nathan Noel for Holding.
5:10 of 3rd period - Zac Dalpe wins face-off versus Christoph Bertschy in Monsters zone.
5:22 of 3rd period - Snap shot by Tyler Pitlick.
5:22 of 3rd period - Shot Misses the Net.
5:24 of 3rd period - Snap shot by Nikita Nesterov.
5:24 of 3rd period - Stopped by Ilya Samsonov with a rebound.
5:44 of 3rd period - Wrist shot by Oliver Bjorkstrand.
5:44 of 3rd period - Stopped by Ilya Samsonov with a rebound.
7:09 of 3rd period - Penalty to Nathan Noel is over, Nathan Noel is back on ice.
7:30 of 3rd period - Snap shot by Michael McCarron.
7:30 of 3rd period - Shot Misses the Net.
7:48 of 3rd period - Snap shot by Ryan Fitzgerald.
7:48 of 3rd period - Stopped by Garret Sparks with a rebound.
7:50 of 3rd period - Snap shot by Ryan Fitzgerald.
7:50 of 3rd period - Goal by Ryan Fitzgerald - Senators : 5 - Monsters : 4.
7:51 of 3rd period - Christoph Bertschy wins face-off versus Zac Dalpe in neutral zone.
8:18 of 3rd period - Wrist shot by Joakim Nordstrom.
8:18 of 3rd period - Shot Blocked by Jordan Schmaltz.
8:20 of 3rd period - Slapshot by Victor Mete.
8:20 of 3rd period - Shot Blocked by Christoph Bertschy.
8:22 of 3rd period - Slapshot by Tarmo Reunanen.
8:22 of 3rd period - Deflect By Ryan Fitzgerald.
8:22 of 3rd period - Stopped by Garret Sparks without a rebound.
8:23 of 3rd period - Ryan Fitzgerald wins face-off versus Jacob De La Rose in Senators zone.
10:24 of 3rd period - Backhand shot by Jacob De La Rose.
10:24 of 3rd period - Shot Misses the Net.
10:26 of 3rd period - Snap shot by Jacob De La Rose.
10:26 of 3rd period - Shot Blocked by Zac Dalpe.
10:44 of 3rd period - Wrist shot by Oliver Bjorkstrand.
10:44 of 3rd period - Shot Misses the Net.
11:04 of 3rd period - Snap shot by Zac Dalpe.
11:04 of 3rd period - Stopped by Garret Sparks without a rebound.
11:05 of 3rd period - Jared Knight wins face-off versus Christoph Bertschy in Senators zone.
11:12 of 3rd period - Wrist shot by Jared Knight.
11:12 of 3rd period - Shot Blocked by Jordan Schmaltz.
11:20 of 3rd period - Snap shot by Matt Grzelcyk.
11:20 of 3rd period - Stopped by Garret Sparks with a rebound.
12:09 of 3rd period - Snap shot by Johan Larsson.
12:09 of 3rd period - Shot Misses the Net.
12:23 of 3rd period - Nikita Nesterov is hit by Gerald Mayhew and loses puck.
13:28 of 3rd period - Jordan Schmaltz is hit by Zac Dalpe.
14:15 of 3rd period - Johan Larsson is hit by Zac Dalpe.
14:37 of 3rd period - Icing by Brendan Perlini.
14:38 of 3rd period - Jacob De La Rose wins face-off versus Maxime Comtois in Senators zone.
14:38 of 3rd period - Jacob De La Rose is hit by Nathan Noel.
14:44 of 3rd period - Slapshot by Nikita Nesterov.
14:44 of 3rd period - Stopped by Ilya Samsonov with a rebound.
14:46 of 3rd period - Wrist shot by Oliver Bjorkstrand.
14:46 of 3rd period - Stopped by Ilya Samsonov with a rebound.
15:00 of 3rd period - Wrist shot by Oliver Bjorkstrand.
15:00 of 3rd period - Goal by Oliver Bjorkstrand - Senators : 6 - Monsters : 4.
15:01 of 3rd period - Zac Dalpe wins face-off versus Christoph Bertschy in neutral zone.
15:35 of 3rd period - Slapshot by Jared Knight.
15:35 of 3rd period - Shot Misses the Net.
15:53 of 3rd period - Snap shot by Christoph Bertschy.
15:53 of 3rd period - Deflect By Zachary Sanford.
15:53 of 3rd period - Stopped by Ilya Samsonov without a rebound.
15:54 of 3rd period - Zac Dalpe wins face-off versus Jacob De La Rose in Monsters zone.
16:09 of 3rd period - Oliver Bjorkstrand is hit by Zac Dalpe and loses puck.
16:48 of 3rd period - Minor Penalty to Michael McCarron for Holding.
16:49 of 3rd period - Zac Dalpe wins face-off versus Christoph Bertschy in Senators zone.
17:31 of 3rd period - Minor Penalty to Jared Knight for Cross-checking.
17:32 of 3rd period - Zac Dalpe wins face-off versus Christoph Bertschy in Monsters zone.
17:37 of 3rd period - Off-side.
17:38 of 3rd period - Zac Dalpe wins face-off versus Christoph Bertschy in neutral zone.
17:49 of 3rd period - Slapshot by Zachary Sanford.
17:49 of 3rd period - Shot Misses the Net.
17:51 of 3rd period - Slapshot by Jordan Schmaltz.
17:51 of 3rd period - Stopped by Ilya Samsonov without a rebound.
17:52 of 3rd period - Zac Dalpe wins face-off versus Christoph Bertschy in Monsters zone.
18:37 of 3rd period - Wrist shot by Matt Grzelcyk.
18:37 of 3rd period - Stopped by Garret Sparks with a rebound.
18:39 of 3rd period - Slapshot by Dillon Heatherington.
18:39 of 3rd period - Shot Misses the Net.
18:41 of 3rd period - Slapshot by Matt Grzelcyk.
18:41 of 3rd period - Stopped by Garret Sparks with a rebound.
18:43 of 3rd period - Snap shot by Matt Grzelcyk.
18:43 of 3rd period - Stopped by Garret Sparks without a rebound.
18:44 of 3rd period - Zac Dalpe wins face-off versus Zachary Sanford in Senators zone.
18:48 of 3rd period - Penalty to Michael McCarron is over, Michael McCarron is back on ice.
18:59 of 3rd period - Snap shot by Oliver Bjorkstrand.
18:59 of 3rd period - Stopped by Ilya Samsonov with a rebound.
19:17 of 3rd period - Keegan Lowe is hit by Austin Watson and loses puck.
19:31 of 3rd period - Penalty to Jared Knight is over, Jared Knight is back on ice.
Goals for this period are 2 for Senators vs 2 for Monsters.
Shots for this period are 14 for Senators vs 15 for Monsters.